 Dungeon Crawl Stone Soup version 0.19-b1-5-gdc9fa9d (webtiles) character file.

282 Chiseanne the Magician (level 6, 3/41 HPs)
             Began as a Demonspawn Wizard on Oct 31, 2016.
             Quit the game on level 3 of the Dungeon.
             The game lasted 00:17:36 (4615 turns).

Chiseanne the Magician (Demonspawn Wizard)          Turns: 4615, Time: 00:17:36

Health: 3/41       AC:  5    Str:  7    XL:     6   Next: 6%
Magic:  3/13       EV: 12    Int: 22    God:
Gold:   219        SH:  0    Dex: 11    Spells: 5 memorised, 4 levels left

rFire  . . .     SeeInvis .     f - +0 short sword
rCold  . . .     Gourm    .     a - +0 robe
rNeg   + . .     Faith    .     (no shield)
rPois  .         Spirit   +     b - +1 hat
rElec  .         Reflect  .     g - +1 cloak
rCorr  .         Harm     .     (no gloves)
MR     .....                    (no boots)
Stlth  ++........               (no amulet)
                                (no ring)
                                e - ring of positive energy

@: lethally poisoned (3 -> 0)
A: antennae 2, magic shield, magic regeneration
a: no special abilities


You were on level 3 of the Dungeon.
You were hungry.

You visited 1 branch of the dungeon, and saw 4 of its levels.

You collected 219 gold pieces.

Inventory:

Hand Weapons
 f - a +0 short sword (weapon)
Missiles
 i - 16 bolts
 j - 20 sling bullets
 n - 113 stones (quivered)
 p - 3 tomahawks
Armour
 a - a +0 robe (worn)
 b - a +1 hat (worn)
 g - a +1 cloak (worn)
Jewellery
 e - a ring of positive energy (left hand)
Wands
 o - a wand of heal wounds (0/9)
Scrolls
 l - a scroll of remove curse
Books
 c - a book of Minor Magic

   Spells                             Type                      Level
   a - Magic Dart                     Conjuration                  1
   b - Blink                          Translocation                2
   c - Call Imp                       Summoning                    2
   d - Repel Missiles                 Charms/Air                   2
   e - Slow                           Hexes                        2
   f - Conjure Flame                  Conjuration/Fire             3
   g - Mephitic Cloud                 Conjuration/Poison/Air       3
Comestibles
 d - 2 bread rations


   Skills:
 - Level 1.7 Dodging
 - Level 1.7 Stealth
 * Level 5.0 Spellcasting
 * Level 4.2 Conjurations
   Level 1.0 Summonings
 - Level 0.8 Translocations


You had 4 spell levels left.
You knew the following spells:

 Your Spells              Type           Power        Failure   Level  Hunger
a - Magic Dart            Conj           ###.         1%          1    None
b - Blink                 Tloc           N/A          12%         2    None
c - Conjure Flame         Conj/Fire      ##......     14%         3    ##.....
d - Mephitic Cloud        Conj/Pois/Air  ##......     17%         3    ##.....
e - Repel Missiles        Chrm/Air       #.....       17%         2    None


Dungeon Overview and Level Annotations

Branches:
Dungeon (4/15)
 Temple: D:4-7

Altars:
Sif Muna
Trog


Innate Abilities, Weirdness & Mutations

You have a pair of antennae on your head.
When hurt, damage is shared between your health and your magic reserves.
You regenerate magic rapidly.


Message History

You feel sick.
You feel sick.
Okay, then.
As you read the scroll of teleportation, it crumbles to dust.
You feel strangely unstable.
You feel sick. The worker ant bites you.
* * * LOW HITPOINT WARNING * * *
Your surroundings suddenly seem different.
* * * LOW HITPOINT WARNING * * *
You feel sick.
Your magical effects are unravelling.
You feel magically purged.
That item cannot be evoked!
Unknown command.
Warning: Bad travel_delay: "1 (or -1 online)" (~/.crawlrc:138) Warning: Bad rest_delay: "-1 (or -1 online)" (~/.crawlrc:140) Welcome back, Chiseanne the Demonspawn Wizard.
Press ? for a list of commands and other information.
Are you sure you want to abandon this character and quit the game? (Confirm with "yes".)

#### ...# #####
##.############...##
...................#
.#...........##....#
.###############.#.# )#
#.#.## ##
#############....#
#..........).@...###
#.##########.......#
#.# #.#####.# #.#
########.# #.# #.#
#........# #.# ####.#
#........# #.# .....#
#..#####.#####.####
######
#..#####..........#####
#
#.....................#


There were no monsters in sight!

Vanquished Creatures
  An ogre (D:4)
  An orc priest (D:3)
  Jessica (D:4)
  An orc wizard (D:3)
  3 adders
  A worm (D:2)
  A dart slug (D:2)
  3 leopard geckos
  5 orcs
  9 bats
  3 giant cockroaches
  13 goblins
  10 hobgoblins
  5 jackals
  A quokka (D:2)
  5 frilled lizards
  9 kobolds
  8 rats
80 creatures vanquished.

Notes
Turn   | Place    | Note
-------+----------+-------------------------------------------
     0 | D:1      | Chiseanne the Demonspawn Wizard began the quest for the Orb.
     0 | D:1      | Reached XP level 1. HP: 13/13 MP: 4/4
   642 | D:1      | Gained mutation: When hurt, damage is shared between your health and your magic reserves. [demonic ancestry]
   642 | D:1      | Reached XP level 2. HP: 19/19 MP: 4/6
  1241 | D:2      | Learned a level 2 spell: Blink
  1322 | D:2      | Gained mutation: You have a pair of small antennae on your head. [demonic ancestry]
  1322 | D:2      | Reached XP level 3. HP: 24/24 MP: 4/7
  2305 | D:2      | Learned a level 3 spell: Conjure Flame
  2309 | D:2      | Learned a level 3 spell: Mephitic Cloud
  2499 | D:3      | Reached XP level 4. HP: 30/30 MP: 3/9
  2821 | D:3      | HP: 1/30 [orc priest/divine providence (10)]
  2909 | D:2      | Reached skill level 4 in Spellcasting
  3084 | D:3      | Learned a level 2 spell: Repel Missiles
  3738 | D:3      | Found a bloodstained altar of Trog.
  3789 | D:3      | Gained mutation: You have a pair of antennae on your head. [demonic ancestry]
  3789 | D:3      | Reached XP level 5. HP: 35/35 MP: 7/11
  4280 | D:4      | Noticed an ogre
  4292 | D:4      | Killed an ogre
  4466 | D:4      | Noticed an ogre
  4515 | D:4      | Noticed Jessica
  4522 | D:4      | Killed Jessica
  4522 | D:4      | Reached skill level 5 in Spellcasting
  4522 | D:4      | Gained mutation: You regenerate magic rapidly. [demonic ancestry]
  4522 | D:4      | Reached XP level 6. HP: 41/41 MP: 1/13
  4526 | D:4      | Found a deep blue altar of Sif Muna.
  4615 | D:3      | Quit the game

Skill      XL: |  1  2  3  4  5 |
---------------+----------------+-----
Conjurations   | 2 3 4 |  4.2
Spellcasting   | 4 5 |  5.0
Dodging        | |  1.7
Stealth        | |  1.7
Summonings     | |  1.0
Translocations | |  0.8

Action                   |  1- 3 |  4- 6 || total
-------------------------+-------+-------++-------
Melee: Short sword       |    32 |    26 ||    58
 Cast: Magic Dart        |   111 |    92 ||   203
       Repel Missiles    |       |     2 ||     2
       Mephitic Cloud    |       |     4 ||     4
       Blink             |       |     8 ||     8
       Conjure Flame     |       |     2 ||     2
Evoke: Wand              |       |     3 ||     3
  Use: Scroll            |     6 |     3 ||     9
       Potion            |       |     2 ||     2
  Eat: Chunk             |     5 |     6 ||    11
Armor: Robe              |    16 |    11 ||    27
Dodge: Dodged            |    34 |    27 ||    61
       Deflected         |       |     1 ||     1
